 Dungeon Sprint DCSS version 0.18.1-5-g4a78601 (webtiles) character file.

132 pipel the Eclecticist (level 9, -10/50 HPs)
             Began as a Deep Elf Enchanter on May 9, 2016.
             Was the Champion of Sif Muna.
             Mangled by a demon trident of venom (15 damage)
             ... animated by the player character
             ... in the Dungeon (Sprint VI: "Thunderdome").
             The game lasted 00:12:16 (597 turns).

pipel the Eclecticist (Deep Elf Enchanter)           Turns: 597, Time: 00:12:18

Health: -10/50     AC:  8    Str:  5    XL:     9   Next: 81%
Magic:  18/33      EV: 17    Int: 28    God:    Sif Muna [******]
Gold:   265        SH:  0    Dex: 19    Spells: 6 memorised, 27 levels left

rFire  . . .     SeeInvis +     a - +1 dagger
rCold  + . .     Gourm    .     b - +1 robe
rNeg   . . .     Faith    .     (no shield)
rPois  .         Spirit   .     (no helmet)
rElec  .         Dismiss  .     (no cloak)
rCorr  .         Reflect  .     (no gloves)
SustAt .         Harm     .     (no boots)
MR     .....     NoTele   +     o - amulet of Olefar {RegenMP SInv}
Stlth  +++++.....               q - ring "Mahoaj" {*Drain AC+2 Int+3 Dex+3}
                                p - ring of Reimbursement {rC+ AC+3 Int+2}

@: lethally poisoned (-10 -> -30), not resistant to hostile enchantments, quite
stealthy
A: no striking features
a: Channel Energy, Forget Spell, Renounce Religion


You were in the Dungeon.
You worshipped Sif Muna.
Sif Muna was exalted by your worship.
You were not hungry.

You visited 1 branch You collected 400 gold pieces.
You spent 135 gold pieces at shops.

Inventory:

Hand Weapons
 a - a +1 dagger (weapon)
Armour
 b - a +1 robe (worn)
Jewellery
 o - the amulet of Olefar (around neck) {RegenMP SInv}
   (You bought it in a shop in the Dungeon)

   [amulet of magic regeneration]

   It increases your magic regeneration.
   It lets you see invisible.
 p - the ring of Reimbursement (left hand) {rC+ AC+3 Int+2}
   (You bought it in a shop in the Dungeon)

   [ring of protection]

   It affects your AC (+3).
   It affects your intelligence (+2).
   It protects you from cold.
 q - the ring "Mahoaj" (right hand) {*Drain AC+2 Int+3 Dex+3}
   (You bought it in a shop in the Dungeon)

   [ring of protection]

   It affects your AC (+2).
   It affects your intelligence (+3).
   It affects your dexterity (+3).
   It causes draining when unequipped.
Wands
 l - a wand of acid (0/15)
 m - a wand of iceblast (1/15)
Scrolls
 j - 2 scrolls of blinking
 n - 3 scrolls of fog
Potions
 f - 3 potions of heal wounds
 g - 4 potions of haste
 h - 2 potions of magic
 i - a potion of berserk rage
 k - a potion of resistance
Books
 c - a book of Maledictions

   Spells                             Type                      Level
   a - Corona                         Hexes                        1
   b - Ensorcelled Hibernation        Hexes/Ice                    2
   c - Confuse                        Hexes                        3
   d - Tukima's Dance                 Hexes                        3
   e - Dazzling Spray                 Conjuration/Hexes            3
 e - a book of Misfortune

   Spells                             Type                      Level
   a - Confusing Touch                Hexes                        2
   b - Confuse                        Hexes                        3
   c - Gell's Gravitas                Hexes/Translocation          3
   d - Petrify                        Transmutation/Earth          4
   e - Metabolic Englaciation         Hexes/Ice                    5
   f - Yara's Violent Unravelling     Hexes/Transmutation          5
 r - Sif Muna's Collected Works on Attacks
   (Sif Muna gifted it to you in the Dungeon)

   Spells                             Type                      Level
   a - Iron Shot                      Conjuration/Earth            6
   b - Bolt of Cold                   Conjuration/Ice              6
   c - Delayed Fireball               Conjuration/Fire             7
 s - a book of Enchantments

   Spells                             Type                      Level
   a - Cause Fear                     Hexes                        4
   b - Yara's Violent Unravelling     Hexes/Transmutation          5
   c - Silence                        Hexes/Air                    5
   d - Deflect Missiles               Charms/Air                   6
   e - Haste                          Charms                       6
   f - Discord                        Hexes                        8


   Skills:
 + Level 3.0 Fighting
 + Level 3.2 Short Blades
 + Level 6.0 Dodging
 - Level 10.9 Stealth
 * Level 18.2 Spellcasting
 * Level 7.7 Conjurations
 + Level 11.8 Hexes
 - Level 2.1 Ice Magic
 - Level 8.2 Invocations
 - Level 2.0 Evocations


You had 27 spell levels left.
You knew the following spells:

 Your Spells              Type           Power        Failure   Level  Hunger
a - Corona                Hex            ######.      0%          1    None
c - Confuse               Hex            ######..     1%          3    None
d - Tukima's Dance        Hex            ######..     1%          3    None
h - Ensorcelled Hibernat  Hex/Ice        ######       1%          2    None
s - Dazzling Spray        Conj/Hex       ######..     1%          3    None
y - Yara's Violent Unrav  Hex/Trmt       ######....   6%          5    None


Dungeon Overview and Level Annotations

Branches:
Dungeon (1/1)

Altars:
Cheibriados
Dithmenos
Fedhas
Gozag
Kikubaaqudgha
Makhleb
Okawaru
Pakellas
Qazlal
Ru
Sif Muna
Trog
Vehumet
Xom
Yredelemnul
Zin
The Shining One
Jiyva
Lugonu

Shops:
D *[%??*?*:[((!!!!


Message History

Aiming: Confuse
Press: ? - help, Shift-Dir - straight line, f - demon trident of venom
Aim: a demon trident of venom (friendly, magic immune) Really fire at your demon trident of venom?
The demon trident of venom is unaffected.
The demon trident of venom hits you but does no damage.
You are poisoned.
You now have 21/33 mp.
Casting: Confuse
Confirm with . or Enter, or press ? or * to list all spells.
Aiming: Dazzling Spray
Press: ? - help, Shift-Dir - straight line, f/p - demon trident of venom
Aim: a demon trident of venom The spray of energy hits the demon trident of venom.
The demon trident of venom is heavily damaged.
You feel sick. The demon trident of venom hits you!!
* * * LOW HITPOINT WARNING * * *
You are more poisoned.
The demon trident of venom hits you!
You die...

#.............###.............##
⌠..........###...###..........⌠#
⌠......÷...# #.<.# #..........⌠#
⌠..........###...###..........⌠#
#.............###.............##
###∩........8.# #.8........∩###
##∩_._......###......___∩##
######[8.....(...8.######
#⌠÷.....@..[.⌠# ###.)....÷.)###
#........_# #........_#
#........_# #∩.......∩#
##∩.....∩## ##.....## ##⌠⌠⌠##


You could see a demon trident of venom.

Vanquished Creatures
  2 hydras (D)
  A sixfirhy (D)
  A rust devil (D)
  An orange demon (D)
  A hellwing (D)
  A vampire mosquito (D)
  A soldier ant (D)
  2 swamp drakes (D)
  2 necrophages (D)
  A giant frog (D)
  A killer bee (D)
  3 worker ants (D)
  A giant cockroach zombie (D)
18 creatures vanquished.

Vanquished Creatures (collateral kills)
  2 red devils (D)
  2 wights (D)
4 creatures vanquished.

Grand Total: 22 creatures vanquished

Notes
Turn   | Place    | Note
--------------------------------------------------------------
     0 | D        | pipel the Deep Elf Enchanter began the quest for the Orb.
     0 | D        | Reached XP level 1. HP: 10/10 MP: 6/6
     1 | D        | Found a bloodstained altar of Trog.
     3 | D        | Found a sacrificial altar of Ru.
     3 | D        | Found an ancient bone altar of Kikubaaqudgha.
     4 | D        | Found Fuariago's Identification Station.
     4 | D        | Found a stormy altar of Qazlal.
     4 | D        | Found a blossoming altar of Fedhas.
     4 | D        | Found Wocvuell's Bee Food.
     5 | D        | Found Kiasoar's Advanced Armour.
     5 | D        | Found Issasch's Jewellery.
     5 | D        | Round 1.
     7 | D        | Found a shadowy altar of Dithmenos.
    13 | D        | Bought a faintly glowing emerald amulet for 45 gold pieces
    13 | D        | Bought a steaming glass ring for 45 gold pieces
    13 | D        | Bought a heavily runed tin ring for 45 gold pieces
    13 | D        | Identified the amulet of Olefar {RegenMP SInv} (You bought it in a shop in the Dungeon)
    14 | D        | Identified the ring of Reimbursement {rC+ AC+3 Int+2} (You bought it in a shop in the Dungeon)
    15 | D        | Identified the ring "Mahoaj" {*Drain AC+2 Int+3 Dex+3} (You bought it in a shop in the Dungeon)
    18 | D        | Noticed a soldier ant
    20 | D        | Found a viscous altar of Jiyva.
    23 | D        | Found an iron altar of Okawaru.
    24 | D        | Found an opulent altar of Gozag.
    24 | D        | Found a glowing silver altar of Zin.
    24 | D        | Found a snail-covered altar of Cheibriados.
    24 | D        | Found Test's Magic Scroll Shop.
    24 | D        | Found Ypeduicaiff's Staff Store.
    25 | D        | Found Uggapyuph's Magic Scroll Shop.
    25 | D        | Found Lydas's Must-Have Magic.
    29 | D        | Found a glowing golden altar of the Shining One.
    31 | D        | Found a corrupted altar of Lugonu.
    32 | D        | Noticed a killer bee
    32 | D        | Found Wuqoos's Distillery.
    32 | D        | Found a shimmering altar of Xom.
    32 | D        | Found a radiant altar of Vehumet.
    32 | D        | Found a deep blue altar of Sif Muna.
    32 | D        | Found Hiuduuh's Do-It-Yourself Clinic.
    33 | D        | Found Xowas's Distillery.
    33 | D        | Found Gahec's Bottled Wisdom.
    37 | D        | Noticed a worker ant
    37 | D        | Found an oddly glowing altar of Pakellas.
    41 | D        | Became a worshipper of Sif Muna the Loreminder
    45 | D        | Killed a worker ant
    45 | D        | Reached skill level 5 in Stealth
    45 | D        | Reached skill level 4 in Spellcasting
    45 | D        | Reached XP level 2. HP: 9/15 MP: 7/9
    51 | D        | Learned a level 2 spell: Ensorcelled Hibernation
    55 | D        | Killed a killer bee
    55 | D        | Reached * piety under Sif Muna
    55 | D        | Reached skill level 5 in Spellcasting
    55 | D        | Reached skill level 1 in Evocations
    55 | D        | Reached XP level 3. HP: 19/19 MP: 8/11
    60 | D        | Learned a level 3 spell: Confuse
    62 | D        | Found a burning altar of Makhleb.
    63 | D        | Found a basalt altar of Yredelemnul.
    64 | D        | Found Sibijov's Weapon Rack.
    64 | D        | Found Cenuff's Premium Goods.
    65 | D        | Found Ziwokaf's Basic Armour.
    65 | D        | Found Ilagoyc's Miscellaneous Merchandise.
    73 | D        | Reached XP level 4. HP: 24/24 MP: 1/13
    84 | D        | Killed a soldier ant
    84 | D        | Reached ** piety under Sif Muna
    84 | D        | Reached skill level 6 in Spellcasting
    84 | D        | Reached skill level 1 in Ice Magic
    84 | D        | Reached XP level 5. HP: 28/28 MP: 5/16
    86 | D        | Arena points: 12 (+12) [x2]
    86 | D        | Reached skill level 10 in Hexes
    92 | D        | Learned a level 3 spell: Tukima's Dance
    96 | D        | Learned a level 3 spell: Dazzling Spray
   130 | D        | Round 2.
   137 | D        | Noticed a necrophage
   151 | D        | Killed a necrophage
   151 | D        | Reached *** piety under Sif Muna
   151 | D        | Reached skill level 10 in Stealth
   151 | D        | Reached skill level 7 in Spellcasting
   151 | D        | Reached XP level 6. HP: 33/33 MP: 18/18
   196 | D        | Reached skill level 1 in Invocations
   200 | D        | Arena points: 48 (+36) [x3]
   200 | D        | Reached skill level 1 in Fighting
   200 | D        | Reached skill level 8 in Spellcasting
   263 | D        | Round 3.
   282 | D        | Noticed a five-headed hydra
   291 | D        | Killed a five-headed hydra
   291 | D        | Reached **** piety under Sif Muna
   291 | D        | Reached ***** piety under Sif Muna
   291 | D        | Reached skill level 5 in Dodging
   291 | D        | Reached skill level 12 in Spellcasting
   291 | D        | Reached skill level 5 in Invocations
   291 | D        | Reached XP level 7. HP: 10/40 MP: 5/24
   316 | D        | Reached XP level 8. HP: 13/44 MP: 6/26
   354 | D        | Noticed a six-headed hydra
   368 | D        | Killed a six-headed hydra
   368 | D        | Reached ****** piety under Sif Muna
   368 | D        | Received a gift from Sif Muna
   368 | D        | Reached skill level 14 in Spellcasting
   380 | D        | Reached skill level 15 in Spellcasting
   386 | D        | Arena points: 132 (+84) [x4]
   386 | D        | Reached skill level 5 in Conjurations
   386 | D        | Reached XP level 9. HP: 22/49 MP: 4/30
   401 | D        | Learned a level 5 spell: Yara's Violent Unravelling
   458 | D        | Round 4.
   467 | D        | Noticed a hellwing
   479 | D        | Noticed a rust devil
   493 | D        | Killed a hellwing
   493 | D        | Reached skill level 16 in Spellcasting
   494 | D        | Noticed a red devil
   495 | D        | Noticed a sixfirhy
   505 | D        | Killed a red devil
   505 | D        | Received a gift from Sif Muna
   508 | D        | Killed a sixfirhy
   508 | D        | Reached skill level 17 in Spellcasting
   534 | D        | Killed a rust devil
   545 | D        | Noticed an orange demon
   554 | D        | Killed an orange demon
   554 | D        | Received a gift from Sif Muna
   554 | D        | Reached skill level 18 in Spellcasting
   555 | D        | Identified Sif Muna's Collected Works on Attacks (Sif Muna gifted it to you in the Dungeon)
   588 | D        | Noticed a red devil
   593 | D        | Killed a red devil
   597 | D        | Mangled by a demon trident of venom

Skill      XL: |  1  2  3  4  5  6  7  8  9 |
---------------+----------------------------+-----
Dodging        | 3 4 5 6 |  6.0
Stealth        | 5 6 8 10 | 10.9
Spellcasting   | 4 5 6 7 12 15 18 | 18.2
Hexes          | 6 7 8 9 10 11 | 11.8
Evocations     | 1 2 |  2.0
Ice Magic      | 1 2 |  2.1
Invocations    | 5 6 8 |  8.2
Fighting       | 2 3 |  3.0
Short Blades   | 2 3 |  3.2
Conjurations   | 2 5 7 |  7.7

Action                   |  1- 3 |  4- 6 |  7- 9 || total
-------------------------+-------+-------+-------++-------
Melee: Dagger            |     3 |    18 |    10 ||    31
 Cast: Ensorcelled Hiber |     4 |     2 |     3 ||     9
       Confuse           |     2 |     4 |     9 ||    15
       Dazzling Spray    |       |     3 |    44 ||    47
       Tukima's Dance    |       |     2 |     3 ||     5
Invok: Channel Energy    |       |     6 |    44 ||    50
Evoke: Wand              |     4 |       |     5 ||     9
  Use: Potion            |     1 |       |     1 ||     2
       Scroll            |       |       |     2 ||     2
 Stab: Sleeping          |     3 |     1 |     2 ||     6
       Confused          |       |     5 |     1 ||     6
       Invisible         |       |       |     1 ||     1
  Eat: Chunk             |       |       |     4 ||     4
       Bread ration      |       |       |     1 ||     1
Armor: Robe              |     1 |     2 |     2 ||     5
Dodge: Dodged            |     2 |     1 |     5 ||     8
